 Dungeon Crawl Stone Soup version 0.26-a0-284-g73c0fb6129 (webtiles) character file.

Game seed: 10929850718028805513

6 MrRokkomies the Stinger (level 1, -2/11 HPs)
             Began as an Octopode Venom Mage on July 13, 2020.
             Slain by a kobold (4 damage)
             ... on level 1 of the Dungeon.
             The game lasted 00:01:26 (354 turns).

MrRokkomies the Stinger (Octopode Venom Mage)        Turns: 354, Time: 00:01:26

Health: -2/11      AC:  1    Str:  7    XL:     1   Next: 90%
Magic:  3/3        EV: 13    Int: 17    God:
Gold:   0          SH:  3    Dex: 12    Spells: 3/4 levels left

rFire    . . .     SeeInvis .   b - +2 dagger (speed)
rCold    . . .     Faith    .   a - +0 buckler
rNeg     . . .     Spirit   .   (helmet restricted)
rPois    .         Reflect  .   (no amulet)
rElec    .         Harm     .   (no ring)
rCorr    .                      (no ring)
MR       .....                  (no ring)
Stlth    +++.......             (no ring)
HPRegen  0.03/turn              (no ring)
MPRegen  0.08/turn              (no ring)
                                (no ring)
                                (no ring)

@: no status effects
A: almost no armour, stealthy swim, amphibious, 8 rings, constrict 8, camouflage
1, gelatinous body 1
a: no special abilities


You were on level 1 of the Dungeon.
You visited 1 branch of the dungeon, and saw 1 of its levels.

Inventory:

Hand Weapons
 b - a +2 dagger of speed (weapon)
Armour
 a - a +0 buckler (worn)
Scrolls
 c - a scroll of remove curse {unknown}
Potions
 d - 2 potions of cancellation {unknown}


   Skills:
 + Level 2.1 Dodging
 + Level 2.8 Stealth
 * Level 0.6 Shields
 - Level 2.0 Spellcasting
 - Level 1.0 Transmutations
 * Level 3.8 Poison Magic


You had 3 spell levels left.
You knew the following spells:

 Your Spells              Type           Power        Failure   Level
a - Sting                 Tmut/Pois      #...         11%         1

Your spell library contained the following spells:

 Spells                   Type           Power        Failure   Level
 Poisonous Vapours        Pois/Air       #.....       21%         2
 Ignite Poison            Fire/Tmut/Pois #.......     41%         3
 Mephitic Cloud           Conj/Pois/Air  #.......     45%         3
 Olgreb's Toxic Radiance  Pois           ##......     52%         4


Dungeon Overview and Level Annotations

Branches:
Dungeon (1/15)

Altars:


Innate Abilities, Weirdness & Mutations

You cannot wear most types of armour.
You are very stealthy in the water. (Stealth+)
You are amphibious.
You can wear up to eight rings at the same time.
You can use your tentacles to constrict eight enemies at once.
Your skin changes colour to match your surroundings (Stealth+).
Your rubbery body absorbs attacks. (AC +1, EV +1)


Message History

You squeeze the hobgoblin, but do no damage.
The hobgoblin is heavily wounded.
You constrict the hobgoblin, but do no damage.
The kobold misses you. The hobgoblin closely misses you.
You barely miss the hobgoblin.
The hobgoblin is heavily wounded.
You constrict the hobgoblin. You barely miss the hobgoblin.
You squeeze the hobgoblin, but do no damage.
The hobgoblin is almost dead.
You constrict the hobgoblin, but do no damage.
The kobold hits you. The hobgoblin hits you.
* * * LOW HITPOINT WARNING * * *
You are too injured to fight recklessly!
You are too injured to fight recklessly!
You are too injured to fight recklessly!
You barely miss the kobold. You grab the kobold.
You constrict the hobgoblin, but do no damage.
You constrict the kobold. The kobold hits you.
You die...

#########
#.......######
#.#####.......
.## ####.#
########
....##.##(####
#.....(....#
#.##.)#.##.....
#.......# #...
#..@....# ..
#.)gK...#
#..........
#.......###
#......##
#......#
#......#
####...#


You could see a hobgoblin and a kobold.

Vanquished Creatures
  A dart slug (D:1)
  2 frilled lizards (D:1)
  A goblin (D:1)
  A kobold (D:1)
  A rat (D:1)
6 creatures vanquished.

Notes
Turn   | Place    | Note
-------+----------+-------------------------------------------
     0 | D:1      | MrRokkomies the Octopode Venom Mage began the quest for the
                  | Orb.
     0 | D:1      | Reached XP level 1. HP: 11/11 MP: 3/3
   354 | D:1      | Slain by a kobold

Illustrated notes

Levels and vault maps discovered:
D:1:      dpeg_arrival_shrine, layout_rooms, minmay_pentomino_q4

Action                   || total
-------------------------++-------
Melee: Dagger            ||    19
       Constrict         ||     4
       Tentacles         ||     4
 Stab: Sleeping          ||     2
Armor: Skin              ||     1
Dodge: Dodged            ||    11
Block: Buckler           ||     5

Table legend:
 A = Non-vault XP
 B = Vault XP
 C = Vault XP percentage of total XP
 D = Non-vault monster count
 E = Vault monster count
 F = Vault count percentage of total count
                 A         B        C        D         E       F
            +---------+---------+-------+---------+---------+-------
      Total |       9 |       0 |   0.0 |       6 |       0 |   0.0
            +---------+---------+-------+---------+---------+-------
        D:1 |       9 |       0 |   0.0 |       6 |       0 |   0.0
            +---------+---------+-------+---------+---------+-------
